 Dungeon Crawl Stone Soup version 0.25-a0-505-gae4569222e (webtiles) character file.

Game seed: 4594561644992528543, levelgen mode: deterministic

5649 Pad the Spear-Bearer (level 10, -6/81 HPs)
             Began as a Merfolk Skald on Feb 14, 2020.
             Was an Elder of Okawaru.
             Mangled by a death yak (25 damage)
             ... on level 9 of the Dungeon.
             The game lasted 00:59:18 (9255 turns).

Pad the Spear-Bearer (Merfolk Skald)                Turns: 9255, Time: 00:59:19

Health: -6/81      AC: 11    Str: 11    XL:     10   Next: 74%
Magic:  22/22      EV: 14    Int: 17    God:    Okawaru [****..]
Gold:   1893       SH:  4    Dex: 13    Spells: 8/14 levels left

rFire    . . .     SeeInvis +   J - +3 trident (venom)
rCold    . . .     Gourm    +   S - +0 buckler
rNeg     . . .     Faith    .   w - +3 ring mail of Inviolability {rElec Regen+}
rPois    .         Spirit   .   K - +1 hat
rElec    +         Reflect  .   N - scarf {repulsion}
rCorr    .         Harm     .   (no gloves)
MR       .....                  i - +1 pair of boots
Stlth    +.........             v - amulet of the gourmand
HPRegen  0.63/turn              x - ring of see invisible
MPRegen  0.18/turn              a - ring of magical power (curse)

@: lightly drained, repel missiles
A: change form in water, swift swim, stealthy swim
a: Heroism, Renounce Religion


You were on level 9 of the Dungeon.
You worshipped Okawaru.
Okawaru was greatly pleased with you.
You were very full.

You visited 2 branches of the dungeon, and saw 10 of its levels.
You also visited: Sewer.

You collected 1893 gold pieces.

Inventory:

Hand Weapons
 D - a +0 trident
 E - a +2 trident of freezing
 F - a +0 short sword of venom
 I - a +0 shortbow
 J - a +3 trident of venom (weapon)
Missiles
 o - 9 boomerangs (quivered)
 M - 53 arrows
 R - 2 throwing nets
Armour
 b - a +0 leather armour
 c - a +0 ring mail
 h - a cursed +0 scale mail
 i - a +1 pair of boots (worn)
 w - the +3 ring mail of Inviolability (worn) {rElec Regen+}
   (You found it on level 4 of the Dungeon)

   It insulates you from electricity.
   It increases your rate of regeneration.
   If you remove this armour, your AC will decrease by 8 (11 -> 3).
 z - a +0 cloak
 K - a +1 hat (worn)
 L - a +0 kite shield
 N - a scarf of repulsion (worn)
 S - a +0 buckler (worn)
Jewellery
 a - a cursed ring of magical power (right hand)
 v - an amulet of the gourmand (around neck)
 x - a ring of see invisible (left hand)
 G - a +2 ring of dexterity
Wands
 t - a wand of polymorph (18)
 y - a wand of iceblast (8)
 C - a wand of acid (4)
 H - a wand of flame (14)
Scrolls
 e - a scroll of magic mapping
 j - 4 scrolls of teleportation
 m - a scroll of fear
 s - 2 scrolls of enchant armour
 A - 2 scrolls of fog
 B - 6 scrolls of remove curse
 Q - 2 scrolls of identify
Potions
 f - 3 potions of magic
 g - 2 potions of brilliance {unknown}
 l - a potion of mutation {unknown}
 n - a potion of degeneration {unknown}
 p - 4 potions of curing
 q - 4 potions of might
 r - a potion of flight
 u - 2 potions of agility
 P - a potion of haste {unknown}
Miscellaneous
 T - a lightning rod (4/4)
Comestibles
 d - 15 rations


   Skills:
 + Level 8.3(7.9) Fighting
 * Level 13.6(13.1) Polearms
 - Level 1.0(0.6) Armour
 + Level 8.8(8.3) Dodging
 + Level 1.5(1.2) Shields
 + Level 2.5(2.1) Spellcasting
 + Level 4.4(4.0) Charms
 - Level 6.9(6.5) Ice Magic


You had 8 spell levels left.
You knew the following spells:

 Your Spells              Type           Power        Failure   Level  Hunger
a - Infusion              Chrm           ###.         13%         1    #......
b - Shroud of Golubria    Chrm/Tloc      #.....       41%         2    ###....
c - Ozocubu's Armour      Chrm/Ice       ###.....     22%         3    ###....

Your spell library contained the following spells:

 Spells                   Type           Power        Failure   Level  Hunger
 Song of Slaying          Chrm           ###.....     19%         2    ###....
 Animate Skeleton         Necr           N/A          54%         1    #......
 Foxfire                  Conj/Fire      #...         54%         1    #......
 Pain                     Necr           #...         54%         1    #......
 Sting                    Tmut/Pois      #...         54%         1    #......
 Spectral Weapon          Hex/Chrm       #.......     65%         3    ###....
 Poisonous Vapours        Pois/Air       #.....       69%         2    ###....
 Conjure Flame            Conj/Fire      #.......     89%         3    ###....
 Ignite Poison            Fire/Tmut/Pois #.......     89%         3    ###....
 Inner Flame              Hex/Fire       #.......     89%         3    ###....
 Mephitic Cloud           Conj/Pois/Air  #.......     89%         3    ###....
 Vampiric Draining        Necr           #.........   89%         3    ###....
 Animate Dead             Necr           N/A          100%        4    #####..
 Olgreb's Toxic Radiance  Pois           #.......     100%        4    #####..
 Sticky Flame             Conj/Fire      #.......     100%        4    #####..
 Agony                    Necr           #.......     100%        5    ######.
 Fireball                 Conj/Fire      #.........   100%        5    ######.


Dungeon Overview and Level Annotations

Branches:
Dungeon (9/15)             Temple (1/1) D:5           Sewer (visited)
   Lair: D:8-11         Orc: D:9-12

Altars:
Ashenzari
Cheibriados
Dithmenos
Elyvilon
Fedhas
Gozag
Hepliaklqana
Kikubaaqudgha
Makhleb
Nemelex Xobeh
Okawaru
Qazlal
Ru
Sif Muna
Trog
Uskayaw
Vehumet
Wu Jian
Xom
Yredelemnul
Zin
The Shining One

Annotations:
D:7 3 runed translucent doors, bmj180's ghost, novice DrCj


Message History

You are no longer poisoned.
You see here 21 bolts.
You open the door. The death yak gores you.
The death yak bellows!
The orc priest calls down the wrath of Beogh upon you.
Beogh smites you!
* * * LOW HITPOINT WARNING * * *
The yak misses you.
There is an open door here.
You feel much better. The yak closely misses you.
The death yak gores you but does no damage.
You hit the death yak.
The death yak is severely wounded.
The death yak gores you!!
You open the door.
The orc priest mumbles some strange prayers to Beogh against you.
Beogh smites you!
* * * LOW HITPOINT WARNING * * *
The death yak gores you!!
You die...

..#ŠŠ).##.....##....###..###.##
..#......#.............#.......Y.
..#......#......(.o....#......ol.
..#......##..##.###..#########Y##
..##>....##..##.###..## ###..##
..##.....##...#..#....# #.....#
..#.......#...#oY'Y...# +.....#
..+.......+...+YY##..## #.....#
..##.....##..###@##Y.# #....##
..##.....##..##..##..## ##.Y.(##
..........#...#...#...# #......+
..........#...'...#>..# #......#
..##.....##..###.###.######Y.####
..##.....##'####.###)###.##Y.####
.....................)#..........
..........<..........)'..(.......
..##.[...##...######..##.........


You could see 3 death yaks and an orc priest.

Vanquished Creatures
  A wyvern (D:9)
  5 yaks (D:9)
  A hungry ghost (D:7)
  3 orc warriors
  A black bear (D:9)
  3 sky beasts
  2 ice beasts
  7 ogres
  2 centaurs
  7 big kobolds
  Blork the orc (D:6)
  4 bullfrogs
  2 gnoll sergeants (D:6)
  2 scorpions
  9 killer bees (D:7)
  4 wights
  3 electric eels (D:6)
  6 howler monkeys
  5 crimson imps
  A bullfrog zombie (D:6)
  3 hounds
  4 orc priests (D:8)
  2 jellies (D:7)
  A bullfrog skeleton (D:8)
  2 centaur skeletons
  8 orc wizards
  3 iguanas
  4 hell rats (D:9)
  3 worker ants
  A hound zombie (D:7)
  A worker ant zombie (D:5)
  12 adders
  A gnoll (D:6)
  A river rat (Sewer)
  A shadow imp (D:5)
  3 oozes
  An adder skeleton (D:6)
  4 worms
  7 leopard geckos
  26 orcs
  8 giant cockroaches
  5 goblins
  9 hobgoblins
  8 jackals
  50 kobolds
  3 quokkas
  4 ball pythons
  9 bats
  3 frilled lizards
  A giant cockroach zombie (D:6)
  A jackal skeleton (D:4)
  2 leopard gecko skeletons
  A quokka skeleton (D:9)
  A quokka zombie (D:7)
  6 rats
268 creatures vanquished.

Vanquished Creatures (others)
  A hippogriff (D:9)
  A leopard gecko (D:9)
2 creatures vanquished.

Grand Total: 270 creatures vanquished

Notes
Turn   | Place    | Note
-------+----------+-------------------------------------------
     0 | D:1      | Pad the Merfolk Skald began the quest for the Orb.
     0 | D:1      | Reached XP level 1. HP: 16/16 MP: 3/3
   148 | D:1      | Reached XP level 2. HP: 23/23 MP: 5/5
   152 | D:1      | Learned a level 2 spell: Shroud of Golubria
   969 | D:2      | Reached XP level 3. HP: 14/29 MP: 6/6
  2261 | D:3      | Found a glowing drain.
  2276 | Sewer    | Entered a sewer
  2286 | Sewer    | Reached XP level 4. HP: 30/35 MP: 3/7
  2563 | Sewer    | Reached skill level 4 in Polearms
  2568 | Sewer    | Learned a level 3 spell: Ozocubu's Armour
  2735 | Sewer    | Noticed a big kobold
  2764 | Sewer    | Killed a big kobold
  2764 | Sewer    | Reached skill level 1 in Ice Magic
  2764 | Sewer    | Reached XP level 5. HP: 21/42 MP: 8/8
  2862 | Sewer    | Noticed a big kobold
  2883 | Sewer    | Killed a big kobold
  2883 | Sewer    | Reached skill level 5 in Polearms
  2883 | Sewer    | Reached XP level 6. HP: 35/48 MP: 0/9
  3538 | D:4      | Got a faintly humming ring mail
  3616 | D:4      | Reached skill level 6 in Polearms
  4064 | D:4      | Found an ancient bone altar of Kikubaaqudgha.
  4066 | D:4      | Found an ornate altar of the Wu Jian Council.
  4073 | D:4      | Found a stormy altar of Qazlal.
  4150 | D:4      | Identified the +3 ring mail of Inviolability {rElec Regen+}
                  | (You found it on level 4 of the Dungeon)
  4237 | D:4      | Reached skill level 7 in Polearms
  4237 | D:4      | Reached XP level 7. HP: 38/55 MP: 2/10
  4351 | D:4      | Reached skill level 5 in Fighting
  4692 | D:5      | Entered Level 5 of the Dungeon
  4711 | D:5      | Found a radiant altar of Vehumet.
  4974 | D:5      | Found a staircase to the Ecumenical Temple.
  5026 | D:5      | Reached skill level 8 in Polearms
  5042 | Temple   | Entered the Ecumenical Temple
  5194 | Temple   | Became a worshipper of Warmaster Okawaru
  5365 | D:5      | Found a shattered altar of Ashenzari.
  5512 | D:6      | Reached XP level 8. HP: 63/63 MP: 11/11
  5738 | D:6      | Reached skill level 9 in Polearms
  5738 | D:6      | Reached skill level 5 in Dodging
  5779 | D:6      | Reached * piety under Okawaru
  5783 | D:6      | Noticed Blork the orc
  5814 | D:6      | Killed Blork the orc
  5830 | D:6      | HP: 3/64 [poisoned by Blork the orc]
  5835 | D:6      | HP: 2/64 [poisoned by Blork the orc]
  5840 | D:6      | HP: 2/64 [poisoned by Blork the orc]
  5845 | D:6      | HP: 3/64 [poisoned by Blork the orc]
  6183 | D:6      | Reached skill level 10 in Polearms
  6345 | D:6      | Reached skill level 5 in Ice Magic
  6345 | D:6      | Reached XP level 9. HP: 69/70 MP: 12/12
  6567 | D:6      | Reached ** piety under Okawaru
  6627 | D:6      | Reached skill level 11 in Polearms
  7134 | D:7      | Found a runed translucent gate.
  7134 | D:7      | Found a runed translucent gate.
  7134 | D:7      | Found a runed translucent gate.
  7147 | D:7      | Noticed bmj180's ghost (novice DrCj)
  7204 | D:7      | Found a sacrificial altar of Ru.
  7326 | D:7      | Reached skill level 12 in Polearms
  7356 | D:7      | Reached *** piety under Okawaru
  7545 | D:7      | Found a glowing silver altar of Zin.
  7545 | D:7      | Found a snail-covered altar of Cheibriados.
  7552 | D:7      | Reached XP level 10. HP: 76/79 MP: 13/13
  7750 | D:8      | Identified a scroll of acquirement
  7750 | D:8      | Identified Sif Muna's Papyrus of Fetching Feathers (You
                  | acquired it on level 8 of the Dungeon)
  8104 | D:8      | Reached skill level 13 in Polearms
  8480 | D:8      | Reached **** piety under Okawaru
  8838 | D:9      | Found a shimmering altar of Xom.
  8941 | D:9      | Reached skill level 1 in Armour
  8945 | D:9      | Reached skill level 1 in Shields
  9165 | D:9      | Noticed a death yak
  9208 | D:9      | Noticed a death yak
  9215 | D:9      | Noticed a death yak
  9255 | D:9      | Mangled by a death yak

Levels and vault maps discovered:
D:1:      eino_arrival_cavern_a, layout_loops_ring, patterned_corridor
D:2:      layout_loops_corners, first_ration
D:3:      layout_rooms, portal_sewer_entry_d, serial_bayou_pond_d
D:4:      layout_cave_pods, chequers_temple_overflow_statue_of_worship,
          nicolae_qazlal_general_emergency
D:5:      layout_basic, ashenzari_altar_1, minmay_temple_entry_overgrown,
          lemuel_altar_in_water
D:6:      minmay_goblin_kobold_castle, layout_cave_pools, moated_statue,
          minivault_27, sword_in_stone
D:7:      layout_loops_ring, overflow_temple_1_default,
          gammafunk_temple_overflow_wave, gammafunk_ghost_necromancy
D:8:      layout_loops_ring
D:9:      layout_gridville, xom_confusion_cloud, dpeg_lair_monsters
Temple:   eino_narrow_crystal_temple

Skill      XL: |  1  2  3  4  5  6  7  8  9 10 |
---------------+-------------------------------+-----
Dodging        | 3 4 6 7 8 |  8.8
Fighting       | 3 4 5 6 7 8 |  8.3
Polearms       | 4 5 7 8 10 12 13 | 13.6
Ice Magic      | 1 2 3 5 6 |  6.9
Charms         | 4 |  4.4
Armour         | 1 |  1.0
Shields        | 1 |  1.5
Spellcasting   | |  2.5

Action                   |  1- 3 |  4- 6 |  7- 9 | 10-12 || total
-------------------------+-------+-------+-------+-------++-------
Melee: Spear             |   153 |   235 |    18 |       ||   406
       Tailslap          |     3 |     9 |     2 |     8 ||    22
       Trident           |       |       |   505 |   242 ||   747
Throw: Boomerang         |       |     8 |     9 |     7 ||    24
 Cast: Infusion          |     2 |     7 |     6 |     1 ||    16
       Shroud of Golubri |       |     1 |       |       ||     1
Evoke: Wand              |       |       |    11 |       ||    11
  Use: Scroll            |     5 |     3 |     3 |     4 ||    15
       Potion            |       |     3 |     2 |     2 ||     7
 Stab: Sleeping          |     2 |       |     2 |       ||     4
  Eat: Chunk             |     4 |     7 |    15 |    14 ||    40
       Ration            |       |       |     1 |       ||     1
Armor: Leather armour    |    19 |     8 |       |       ||    27
       Ring mail         |       |    31 |   125 |    18 ||   174
Dodge: Dodged            |    89 |    79 |   223 |    69 ||   460
       Deflected         |       |       |     1 |     1 ||     2
Block: Buckler           |       |       |       |     3 ||     3

Table legend:
 A = Non-vault XP
 B = Vault XP
 C = Vault XP percentage of total XP
 D = Non-vault monster count
 E = Vault monster count
 F = Vault count percentage of total count
                 A         B        C        D         E       F
            +---------+---------+-------+---------+---------+-------
      Total |    6332 |    1739 |  21.5 |     179 |      89 |  33.2
            +---------+---------+-------+---------+---------+-------
        D:1 |      25 |       0 |   0.0 |      14 |       0 |   0.0
        D:2 |      39 |       0 |   0.0 |      14 |       0 |   0.0
        D:3 |      66 |      13 |  16.5 |      17 |       1 |   5.6
        D:4 |     454 |       0 |   0.0 |      20 |       0 |   0.0
        D:5 |     361 |       0 |   0.0 |      21 |       0 |   0.0
        D:6 |    1104 |    1023 |  48.1 |      22 |      55 |  71.4
        D:7 |    1393 |       0 |   0.0 |      24 |       0 |   0.0
        D:8 |    1592 |       0 |   0.0 |      30 |       0 |   0.0
        D:9 |    1298 |     420 |  24.4 |      17 |      10 |  37.0
      Sewer |       0 |     283 | 100.0 |       0 |      23 | 100.0
            +---------+---------+-------+---------+---------+-------
